[Event "WTCC-65 2018"]
[Site "Radebeul"]
[Date "2018.07.11"]
[Round "5"]
[White "Dekan, Hans"]
[Black "Seret, Jean-Luc"]
[Result "1/2-1/2"]
[ECO "B00"]
[WhiteElo "2134"]
[BlackElo "2353"]
[Annotator "NA"]
[PlyCount "41"]
[EventDate "2018.07.07"]
[EventType "team-tourn"]
[EventCountry "GER"]
[SourceTitle "playchess.com"]
[Source "ChessBase"]
[SourceQuality "1"]
[TimeControl "40/5400+30:1800+30"]

1. e4 b6 2. d4 Bb7 3. Nc3 e6 4. Nf3 Bb4 5. Bd3 Nf6 6. Qe2 d5 7. exd5 Qxd5 8. O-O Bxc3 9. bxc3 Nbd7 10. c4 Qh5 11. Bf4 c5 12. d5 O-O 13. dxe6 fxe6 14. Ne5 Qxe2 15. Bxe2 Nxe5 16. Bxe5 Be4 17. Rac1 Kf7 18. f3 Bg6 19. Kf2 Rfd8 20. Ke1 Ke8 21. Rh1 1/2-1/2

[Event "WTCC-65 2018"]
[Site "Radebeul"]
[Date "2018.07.11"]
[Round "5"]
[White "Bosbach, Gerhard"]
[Black "Steedman, James"]
[Result "1/2-1/2"]
[ECO "A20"]
[WhiteElo "2119"]
[BlackElo "2132"]
[Annotator "NA"]
[PlyCount "29"]
[EventDate "2018.07.07"]
[EventType "team-tourn"]
[EventCountry "GER"]
[SourceTitle "playchess.com"]
[Source "ChessBase"]
[SourceQuality "1"]
[TimeControl "40/5400+30:1800+30"]

1. c4 e5 2. g3 Nf6 3. Bg2 c6 4. Nc3 d5 5. cxd5 cxd5 6. Qb3 Nc6 7. Nxd5 Nd4 8. Nxf6+ gxf6 9. Qd1 Qc7 10. Kf1 Bf5 11. d3 Rc8 12. Bd2 Qc2 13. Bc3 Qxd1+ 14. Rxd1 Nb5 15. Rc1 1/2-1/2

[Event "WTCC-65 2018"]
[Site "Radebeul"]
[Date "2018.07.11"]
[Round "5"]
[White "Mueller-Clostermann, Bruno"]
[Black "Kierzek, Matthias"]
[Result "1/2-1/2"]
[ECO "A06"]
[WhiteElo "2114"]
[BlackElo "2247"]
[Annotator "NA"]
[PlyCount "71"]
[EventDate "2018.07.07"]
[EventType "team-tourn"]
[EventCountry "GER"]
[SourceTitle "playchess.com"]
[Source "ChessBase"]
[SourceQuality "1"]
[TimeControl "40/5400+30:1800+30"]

1. Nf3 d5 2. g3 Bg4 3. Bg2 Nd7 4. c4 e6 5. O-O Ngf6 6. b3 Be7 7. Bb2 O-O 8. h3 Bf5 9. d3 h6 10. Nbd2 c6 11. Re1 Bh7 12. a3 a5 13. Ra2 Nc5 14. Ne5 Bd6 15. Qa1 a4 16. b4 Nb3 17. Qd1 d4 18. Nef3 Nxd2 19. Qxd2 c5 20. e3 dxe3 21. Rxe3 Qe7 22. bxc5 Bxc5 23. d4 Rfd8 24. Qe2 Bb6 25. Bc3 Qc7 26. Rd2 Ba5 27. Ne5 Bxc3 28. Rxc3 Qb6 29. d5 Qa5 30. Rc1 exd5 31. cxd5 Nxd5 32. Rcd1 Nf6 33. Rxd8+ Rxd8 34. Rxd8+ Qxd8 35. Bxb7 Qc7 36. Qb2 1/2-1/2

[Event "WTCC-65 2018"]
[Site "Radebeul"]
[Date "2018.07.11"]
[Round "5"]
[White "Romcovici, Victor"]
[Black "Wahlbom, Magnus"]
[Result "1-0"]
[ECO "A45"]
[WhiteElo "2114"]
[BlackElo "2172"]
[Annotator "NA"]
[PlyCount "93"]
[EventDate "2018.07.07"]
[EventType "team-tourn"]
[EventCountry "GER"]
[SourceTitle "playchess.com"]
[Source "ChessBase"]
[SourceQuality "1"]
[TimeControl "40/5400+30:1800+30"]

1. d4 Nf6 2. Bg5 g6 3. Nc3 Bg7 4. e4 c5 5. e5 Ng8 6. Nf3 cxd4 7. Qxd4 Nc6 8. Qe3 f6 9. exf6 Nxf6 10. Bc4 Na5 11. Bd5 Nxd5 12. Nxd5 Nc6 13. O-O-O h6 14. Bxe7 Nxe7 15. Rhe1 O-O 16. Nxe7+ Kh7 17. Qd3 Qb6 18. c3 d5 19. Rd2 Bf5 20. Nxf5 Rxf5 21. Nd4 Re5 22. Rxe5 Bxe5 23. g3 Rc8 24. f4 Bf6 25. h4 h5 26. Kb1 Re8 27. f5 Bxd4 28. fxg6+ Qxg6 29. Qxg6+ Kxg6 30. Rxd4 Re5 31. Kc1 Kf6 32. Kd2 Ke6 33. g4 hxg4 34. Rxg4 Kd6 35. a4 a5 36. Kd3 Re1 37. Rg6+ Kc5 38. h5 Rh1 39. Rg5 Rh2 40. b3 b6 41. c4 Rh3+ 42. Kc2 Rh2+ 43. Kd1 Kb4 44. cxd5 Kc5 45. Ke1 Rh3 46. d6+ Kxd6 47. Rb5 {[%emt 0:00:00] Kd5} 1-0

[Event "WTCC-65 2018"]
[Site "Radebeul"]
[Date "2018.07.11"]
[Round "5"]
[White "Gundersen, Helge"]
[Black "Kargoll, Herbert"]
[Result "1-0"]
[ECO "C00"]
[WhiteElo "2089"]
[BlackElo "2230"]
[Annotator "NA"]
[PlyCount "93"]
[EventDate "2018.07.07"]
[EventType "team-tourn"]
[EventCountry "GER"]
[SourceTitle "playchess.com"]
[Source "ChessBase"]
[SourceQuality "1"]
[TimeControl "40/5400+30:1800+30"]

1. e4 e6 2. b3 d5 3. Bb2 dxe4 4. Nc3 Nf6 5. Qe2 Bd7 6. Nxe4 Nxe4 7. Qxe4 Bc6 8. Qg4 Nd7 9. Nf3 Nf6 10. Qh3 Qd5 11. Bd3 h5 12. O-O-O Ng4 13. Rhf1 O-O-O 14. Rde1 Qc5 15. Ne5 Nxe5 16. Rxe5 Rd5 17. Rxd5 Qxd5 18. f3 Qg5 19. Qg3 Qa5 20. a4 Rg8 21. Bh7 Rh8 22. Be4 Bd7 23. Qe5 Qxe5 24. Bxe5 f6 25. Bd4 c5 26. Bg1 f5 27. Bd3 e5 28. Kb2 Bd6 29. b4 b6 30. bxc5 bxc5 31. Kc3 Kc7 32. Rb1 g6 33. a5 Be6 34. Bc4 Bc8 35. Bd5 Ba6 36. Bf7 g5 37. Bg6 e4 38. fxe4 Be5+ 39. d4 cxd4+ 40. Bxd4 Bxd4+ 41. Kxd4 Rd8+ 42. Ke5 fxe4 43. Bxe4 Re8+ 44. Kd4 Rd8+ 45. Bd5 Rf8 46. Re1 Kd7 47. Re5 1-0

[Event "WTCC-65 2018"]
[Site "Radebeul"]
[Date "2018.07.11"]
[Round "5"]
[White "Etzold, Ernst-Walter"]
[Black "Emerson, Roger"]
[Result "1/2-1/2"]
[ECO "E92"]
[WhiteElo "2088"]
[BlackElo "2211"]
[Annotator "NA"]
[PlyCount "122"]
[EventDate "2018.07.07"]
[EventType "team-tourn"]
[EventCountry "GER"]
[SourceTitle "playchess.com"]
[Source "ChessBase"]
[SourceQuality "1"]
[TimeControl "40/5400+30:1800+30"]

1. d4 Nf6 2. Nf3 g6 3. c4 Bg7 4. Nc3 O-O 5. e4 d6 6. Be2 e5 7. dxe5 dxe5 8. Qxd8 Rxd8 9. Bg5 Re8 10. O-O-O Na6 11. Ne1 Nc5 12. f3 {[%emt 0:00:15] E92: King's Indian: Classical: 6 Be2 e5: 7 dxe5, 7 Be3 and Petrosian System without 7...Nbd7} Ne6 13. Be3 c6 14. Nc2 b6 15. Rd2 c5 $146 ({Predecessor:} 15... Bf8 16. Rhd1 Bb7 {½-½ (16) Johnston,A (2370)-Zemlyanov,S (2404) ICCF email 2012}) 16. Na3 Bb7 17. Nab5 Bc6 18. Rhd1 a6 19. Na3 Nd4 20. Nd5 Bxd5 21. cxd5 b5 22. Kb1 Nd7 23. Bf1 h5 24. Rf2 f5 25. Bd3 c4 26. Bc2 Rac8 27. exf5 Nxf5 28. Bc1 Kf7 29. g4 Nd4 30. Be4 Nc5 31. gxh5 gxh5 32. Rg1 Rh8 33. Nc2 Bf6 34. Ne3 Rhg8 35. Rfg2 Rxg2 36. Rxg2 Rg8 37. Rxg8 Kxg8 38. Bd2 Kf7 39. Bb4 Nd3 40. Bc3 Nf4 41. Kc1 Be7 42. Kd1 Bc5 43. Nc2 Ke7 44. Nb4 Kd6 45. Nxa6 Nxd5 46. Nxc5 Kxc5 47. Be1 Ne3+ 48. Kc1 Nf1 49. h4 Nh2 50. Bf2 Kd6 51. Bg6 Nhxf3 52. Bxh5 e4 {[%emt 0:00:11] [#]} 53. Be8 (53. Bxf3 $1 $16 Nxf3 54. h5) 53... b4 54. Bg6 Kd5 {[%emt 0:01:29] [#]} (54... e3 $11 {keeps the balance.} 55. Bxe3 Nxh4) 55. h5 $1 Ne5 56. Kd2 Nxg6 57. hxg6 Nf5 58. a4 Kc6 59. Bd4 Kb7 ({Vergiftet wäre} 59... Nxd4 $2 60. g7) 60. g7 e3+ {[%emt 0:00:09] [#]} 61. Bxe3 $11 ({Only move:} 61. Ke2 $1 $18 Nh6 62. Bc5) 61... Nxg7 1/2-1/2

[Event "WTCC-65 2018"]
[Site "Radebeul"]
[Date "2018.07.11"]
[Round "5"]
[White "Sobeck, Guenter"]
[Black "Berry, Stephen H"]
[Result "0-1"]
[ECO "A05"]
[WhiteElo "2033"]
[BlackElo "2298"]
[Annotator "NA"]
[PlyCount "76"]
[EventDate "2018.07.07"]
[EventType "team-tourn"]
[EventCountry "GER"]
[SourceTitle "playchess.com"]
[Source "ChessBase"]
[SourceQuality "1"]
[TimeControl "40/5400+30:1800+30"]

1. Nf3 Nf6 2. b3 d6 3. Bb2 e5 4. d3 g6 5. Nbd2 Bg7 6. c4 O-O 7. e3 c5 8. Be2 Nc6 9. a3 h6 10. O-O Be6 11. Qc2 Nh5 12. Bc3 a5 13. Qb2 f5 14. Rfd1 Qe7 15. Bf1 Bd7 16. g3 Kh7 17. d4 e4 18. Nh4 cxd4 19. exd4 Rae8 20. Re1 Qf6 21. Rad1 g5 22. Be2 Qf7 23. Ng2 Kh8 24. b4 axb4 25. axb4 f4 26. Bxh5 Qxh5 27. b5 Nd8 28. d5 Bxc3 29. Qxc3+ Kg8 30. Qd4 e3 31. fxe3 f3 32. Ne4 Rxe4 33. Qxe4 f2+ 34. Kf1 fxe1=Q+ 35. Kxe1 Nf7 36. Rd2 Ne5 37. Rf2 Rxf2 38. Kxf2 Qf7+ 0-1

[Event "WTCC-65 2018"]
[Site "Radebeul"]
[Date "2018.07.11"]
[Round "5"]
[White "Staub, Gerhard"]
[Black "Bernard, Christophe"]
[Result "0-1"]
[ECO "B23"]
[WhiteElo "2013"]
[BlackElo "2253"]
[Annotator "NA"]
[PlyCount "50"]
[EventDate "2018.07.07"]
[EventType "team-tourn"]
[EventCountry "GER"]
[SourceTitle "playchess.com"]
[Source "ChessBase"]
[SourceQuality "1"]
[TimeControl "40/5400+30:1800+30"]

1. e4 c5 2. Nc3 Nc6 3. f4 g6 4. Nf3 Bg7 5. Bb5 Nd4 6. O-O a6 7. Bd3 d6 8. Nxd4 cxd4 9. Ne2 Nf6 10. c3 dxc3 11. dxc3 O-O 12. Kh1 Qc7 13. Nd4 e5 14. fxe5 dxe5 15. Nb3 Bg4 16. Qc2 Nh5 17. Be3 Rad8 18. Bc5 Rfe8 19. Bc4 Nf4 20. Qf2 b5 21. Bb6 Qxc4 22. Bxd8 Rxd8 23. Qh4 Qc8 24. g3 Nd3 25. Nc1 f6 0-1

[Event "WTCC-65 2018"]
[Site "Radebeul"]
[Date "2018.07.11"]
[Round "5"]
[White "Belinchis, Valerii"]
[Black "Malmdin, Nils-Ake"]
[Result "1/2-1/2"]
[ECO "E80"]
[WhiteElo "1881"]
[BlackElo "2138"]
[Annotator "NA"]
[PlyCount "43"]
[EventDate "2018.07.07"]
[EventType "team-tourn"]
[EventCountry "GER"]
[SourceTitle "playchess.com"]
[Source "ChessBase"]
[SourceQuality "1"]
[TimeControl "40/5400+30:1800+30"]

1. d4 g6 2. c4 Bg7 3. Nc3 Nf6 4. e4 d6 5. f3 c6 6. Be3 a6 7. Qd2 b5 8. Bd3 Nbd7 9. Nge2 Bb7 10. b3 h5 11. O-O Qc7 12. Rac1 b4 13. Na4 c5 14. e5 dxe5 15. dxc5 a5 16. Ng3 Rd8 17. Qc2 Nf8 18. Rcd1 h4 19. Ne4 Ne6 20. c6 Rxd3 21. Qxd3 Bxc6 22. Bb6 1/2-1/2

[Event "WTCC-65 2018"]
[Site "Radebeul"]
[Date "2018.07.12"]
[Round "6"]
[White "Seret, Jean-Luc"]
[Black "Ackermann, Hans Werner"]
[Result "0-1"]
[ECO "A01"]
[WhiteElo "2353"]
[BlackElo "2267"]
[Annotator "ChessBase"]
[PlyCount "98"]
[EventDate "2018.07.07"]
[EventType "team-tourn"]
[EventCountry "GER"]
[SourceTitle "playchess.com"]
[Source "ChessBase"]
[SourceQuality "1"]
[TimeControl "40/5400+30:1800+30"]

1. b3 d6 2. Bb2 e5 3. e3 Nf6 4. Nf3 Be7 5. d4 e4 6. Nfd2 O-O 7. c4 c6 8. Nc3 d5 9. f3 exf3 10. Qxf3 Bg4 11. Qf2 Na6 12. Bd3 Bh5 13. h3 Nb4 14. Bb1 Bg6 15. O-O Bxb1 16. Raxb1 Nd3 17. Qf5 Nxb2 18. Rxb2 Bb4 19. Ndb1 Qa5 20. Qd3 Rae8 21. Rxf6 gxf6 22. Rf2 Qd8 23. cxd5 Qe7 24. e4 Kg7 25. dxc6 bxc6 26. Rf4 Rd8 27. d5 Bd6 28. Rf5 Rg8 29. Nd2 Kf8 30. Nf3 Bc7 31. Qc4 Qa3 32. Nh2 Qb2 33. Ng4 Rxg4 34. hxg4 Qc1+ 35. Kf2 Qd2+ 36. Kf1 Bg3 37. Kg1 Qe3+ 38. Kh1 Qh6+ 39. Kg1 Qe3+ 40. Kh1 Qc1+ 41. Qf1 Qxc3 42. Rxf6 Rd7 43. Rxc6 Qe1 44. Qxe1 Bxe1 45. Kg1 Bg3 46. Kf1 Rd6 47. Rc3 Be5 48. Rh3 Kg7 49. Rh5 f6 0-1

[Event "WTCC-65 2018"]
[Site "Radebeul"]
[Date "2018.07.12"]
[Round "6"]
[White "Buchal, Stephan"]
[Black "Povah, Nigel E"]
[Result "0-1"]
[ECO "A09"]
[WhiteElo "2329"]
[BlackElo "2245"]
[Annotator "NA"]
[PlyCount "84"]
[EventDate "2018.07.07"]
[EventType "team-tourn"]
[EventCountry "GER"]
[SourceTitle "playchess.com"]
[Source "ChessBase"]
[SourceQuality "1"]
[TimeControl "40/5400+30:1800+30"]

1. Nf3 d5 2. c4 d4 3. b4 f6 4. Na3 e5 5. Nc2 c5 6. a3 e4 7. Ng1 f5 8. d3 Nc6 9. Rb1 a5 10. g3 Nf6 11. Bg2 Bd6 12. bxc5 Bxc5 13. Nh3 O-O 14. O-O h6 15. e3 exd3 16. Nxd4 Bxd4 17. exd4 Qxd4 18. Nf4 Qxc4 19. Bb2 Ne4 20. Qh5 Qf7 21. Rfd1 Rd8 22. Rxd3 Rxd3 23. Qxf7+ Kxf7 24. Nxd3 Be6 25. Ba1 Nd8 26. g4 Ra6 27. Rb5 Nd6 28. Rc5 fxg4 29. Rc7+ Ke8 30. Bxg7 Rb6 31. Bxh6 Rb3 32. Nf4 Rb1+ 33. Bf1 Bc4 34. Rxc4 Nxc4 35. Kg2 Nxa3 36. Bd3 Rb6 37. Bg7 Nb1 38. Nd5 Rd6 39. Nc7+ Kf7 40. Bxb1 Rb6 41. Bc3 Rxb1 42. Bxa5 Ne6 0-1

[Event "WTCC-65 2018"]
[Site "Radebeul"]
[Date "2018.07.12"]
[Round "6"]
[White "Mishuchkov, Nikolai M"]
[Black "Postler, Reinhard"]
[Result "1/2-1/2"]
[ECO "A06"]
[WhiteElo "2311"]
[BlackElo "2243"]
[Annotator "NA"]
[PlyCount "53"]
[EventDate "2018.07.07"]
[EventType "team-tourn"]
[EventCountry "GER"]
[SourceTitle "playchess.com"]
[Source "ChessBase"]
[SourceQuality "1"]
[TimeControl "40/5400+30:1800+30"]

1. Nf3 d5 2. e3 Nf6 3. c4 c6 4. Nc3 e6 5. b3 Nbd7 6. Bb2 Bd6 7. d4 O-O 8. Bd3 Re8 9. O-O b6 10. e4 dxe4 11. Nxe4 Nxe4 12. Bxe4 Bb7 13. Ne5 f5 14. Nxd7 fxe4 15. Ne5 c5 16. dxc5 Bxc5 17. Qd7 Qe7 18. Rad1 Rad8 19. Qxe7 Bxe7 20. Nd7 Bc6 21. Ne5 Bb7 22. Nd7 Bg5 23. Ne5 Be7 24. Rfe1 Bb4 25. Rf1 Bc5 26. Ng4 Rd3 27. Ne5 1/2-1/2

[Event "WTCC-65 2018"]
[Site "Radebeul"]
[Date "2018.07.12"]
[Round "6"]
[White "Berry, Stephen H"]
[Black "Schmidt, Bodo"]
[Result "0-1"]
[ECO "A11"]
[WhiteElo "2298"]
[BlackElo "2344"]
[Annotator "NA"]
[PlyCount "86"]
[EventDate "2018.07.07"]
[EventType "team-tourn"]
[EventCountry "GER"]
[SourceTitle "playchess.com"]
[Source "ChessBase"]
[SourceQuality "1"]
[TimeControl "40/5400+30:1800+30"]

1. c4 c6 2. Nf3 d5 3. g3 Nf6 4. Bg2 Bg4 5. Ne5 Be6 6. O-O dxc4 7. Na3 Qd4 8. Nf3 Qc5 9. Qc2 Nbd7 10. h4 Bd5 11. d3 cxd3 12. Qxd3 e5 13. Be3 e4 14. Bxc5 exd3 15. Bxf8 dxe2 16. Rfe1 Kxf8 17. Rxe2 g6 18. Nd4 Kg7 19. Bxd5 Nxd5 20. Nc4 N7f6 21. Na5 c5 22. Nb5 b6 23. Nc6 Rhe8 24. Rae1 Rxe2 25. Rxe2 a5 26. Nd6 Nb4 27. Nxb4 axb4 28. Re7 Rf8 29. Rb7 Nd5 30. a3 bxa3 31. bxa3 Kf6 32. Kf1 Ke5 33. Nxf7+ Kd4 34. Ng5 Ra8 35. Rxh7 Rxa3 36. Rg7 b5 37. Rxg6 b4 38. Ne6+ Kc4 39. Rg4+ Kb5 40. Ke2 b3 41. Rg5 b2 42. Rxd5 b1=Q 43. Rxc5+ Kb6 0-1

[Event "WTCC-65 2018"]
[Site "Radebeul"]
[Date "2018.07.12"]
[Round "6"]
[White "Baum, Bernd"]
[Black "Sharif, Mehrshad"]
[Result "0-1"]
[ECO "A06"]
[WhiteElo "2280"]
[BlackElo "2353"]
[Annotator "ChessBase"]
[PlyCount "98"]
[EventDate "2018.07.07"]
[EventType "team-tourn"]
[EventCountry "GER"]
[SourceTitle "playchess.com"]
[Source "ChessBase"]
[SourceQuality "1"]
[TimeControl "40/5400+30:1800+30"]

1. Nf3 d5 2. g3 Bg4 3. Bg2 c6 4. b3 Nd7 5. Bb2 e6 6. c4 Ngf6 7. O-O Bd6 8. d3 O-O 9. Nbd2 Qe7 10. Qc2 h6 11. Rac1 a5 12. e4 dxe4 13. dxe4 e5 14. h3 Bxf3 15. Nxf3 Ba3 16. Bxa3 Qxa3 17. Rcd1 Rfe8 18. Nd2 a4 19. Rb1 axb3 20. axb3 Qb4 21. f3 Nc5 22. Rf2 Rad8 23. Bf1 Rd4 24. Rb2 Red8 25. Nb1 Nh7 26. Nc3 Ng5 27. Kg2 Na6 28. Na2 Qe7 29. b4 Qe6 30. Kh2 Rd2 31. Qxd2 Rxd2 32. Rbxd2 Qf6 33. Bg2 h5 34. h4 Ne6 35. Rd7 g5 36. hxg5 Nxg5 37. Rxb7 h4 38. gxh4 Nxe4 39. Re2 Qf4+ 40. Kg1 Ng3 41. Rc2 Qd4+ 42. Kh2 Qxh4+ 43. Kg1 Qd4+ 44. Kh2 Qf4 45. Kg1 Qe3+ 46. Rf2 Ne2+ 47. Kf1 Nf4 48. Rd7 Nxb4 49. Rd1 Qb3 0-1

[Event "WTCC-65 2018"]
[Site "Radebeul"]
[Date "2018.07.12"]
[Round "6"]
[White "Stebbings, Anthony J"]
[Black "Haakert, Juergen"]
[Result "1/2-1/2"]
[ECO "A80"]
[WhiteElo "2257"]
[BlackElo "2302"]
[Annotator "NA"]
[PlyCount "54"]
[EventDate "2018.07.07"]
[EventType "team-tourn"]
[EventCountry "GER"]
[SourceTitle "playchess.com"]
[Source "ChessBase"]
[SourceQuality "1"]
[TimeControl "40/5400+30:1800+30"]

1. d4 f5 2. Bg5 g6 3. Nc3 Bg7 4. h4 Nc6 5. Nf3 h6 6. Bf4 d6 7. e4 e5 8. dxe5 fxe4 9. Nxe4 Bf5 10. Bd3 dxe5 11. Bd2 Nf6 12. Qe2 Qe7 13. O-O-O O-O-O 14. Nxf6 Qxf6 15. Bc3 Rhe8 16. Rhe1 Qf7 17. Bc4 Rxd1+ 18. Rxd1 Qf8 19. Qe3 a6 20. Re1 Bd7 21. Bd5 Nd4 22. Be4 Qf7 23. b3 Kb8 24. Kb1 Nb5 25. Bb2 Nd6 26. Nd2 Rf8 27. f3 Re8 1/2-1/2

[Event "WTCC-65 2018"]
[Site "Radebeul"]
[Date "2018.07.12"]
[Round "6"]
[White "Bernard, Christophe"]
[Black "Bartsch, Berthold"]
[Result "1/2-1/2"]
[ECO "E08"]
[WhiteElo "2253"]
[BlackElo "2248"]
[Annotator "NA"]
[PlyCount "39"]
[EventDate "2018.07.07"]
[EventType "team-tourn"]
[EventCountry "GER"]
[SourceTitle "playchess.com"]
[Source "ChessBase"]
[SourceQuality "1"]
[TimeControl "40/5400+30:1800+30"]

1. d4 Nf6 2. Nf3 e6 3. c4 d5 4. g3 Nbd7 5. Bg2 Be7 6. O-O O-O 7. Qc2 c6 8. Rd1 b6 9. b3 Bb7 10. Nc3 Rc8 11. e4 dxe4 12. Nxe4 Nxe4 13. Qxe4 Bf6 14. Bf4 Qe7 15. Rac1 Rfd8 16. h4 Ba8 17. Ng5 g6 18. Qe2 c5 19. Bxa8 Rxa8 20. dxc5 1/2-1/2

[Event "WTCC-65 2018"]
[Site "Radebeul"]
[Date "2018.07.12"]
[Round "6"]
[White "Kierzek, Matthias"]
[Black "Giffard, Nicolas"]
[Result "1-0"]
[ECO "D37"]
[WhiteElo "2247"]
[BlackElo "2260"]
[Annotator "NA"]
[PlyCount "71"]
[EventDate "2018.07.07"]
[EventType "team-tourn"]
[EventCountry "GER"]
[SourceTitle "playchess.com"]
[Source "ChessBase"]
[SourceQuality "1"]
[TimeControl "40/5400+30:1800+30"]

1. d4 Nf6 2. c4 e6 3. Nf3 d5 4. Nc3 Be7 5. Bf4 O-O 6. e3 b6 7. cxd5 Nxd5 8. Nxd5 Qxd5 9. Be2 c5 10. Ne5 cxd4 11. Bf3 Qa5+ 12. Kf1 Ba6+ 13. Kg1 f6 14. Qb3 fxe5 15. Qxe6+ Kh8 16. Qxe7 Nc6 17. Bxc6 exf4 18. Bxa8 Rxa8 19. exd4 Qd2 20. Qa3 Bb7 21. Qc3 Qe2 22. Re1 Qg4 23. f3 Qh4 24. Re5 h6 25. Qe1 Qd8 26. Qf2 Rc8 27. h3 Rc4 28. Kh2 Rxd4 29. Rhe1 Bc6 30. Qc2 Rd6 31. Rf5 Bxf3 32. Qf2 Bd5 33. Qxf4 Rg6 34. Rf8+ Kh7 35. Rxd8 Rxg2+ 36. Kh1 1-0

[Event "WTCC-65 2018"]
[Site "Radebeul"]
[Date "2018.07.12"]
[Round "6"]
[White "Rahls, Peter"]
[Black "Faibisovich, Vadim Z"]
[Result "1/2-1/2"]
[ECO "B23"]
[WhiteElo "2238"]
[BlackElo "2312"]
[Annotator "NA"]
[PlyCount "96"]
[EventDate "2018.07.07"]
[EventType "team-tourn"]
[EventCountry "GER"]
[SourceTitle "playchess.com"]
[Source "ChessBase"]
[SourceQuality "1"]
[TimeControl "40/5400+30:1800+30"]

1. e4 c5 2. Ne2 Nc6 3. Nbc3 g6 4. g3 Bg7 5. Bg2 e6 6. O-O Nge7 7. f4 d6 8. d3 O-O 9. Be3 Nd4 10. Qd2 Rb8 11. Nd1 b5 12. g4 f5 13. gxf5 exf5 14. c3 Nxe2+ 15. Qxe2 Qc7 16. Nf2 Re8 17. Nh3 h6 18. Qf2 Be6 19. e5 Rbc8 20. d4 cxd4 21. Bxd4 dxe5 22. Bxe5 Bxe5 23. fxe5 Qxe5 24. Rfe1 Qf6 25. Qe3 Bd5 26. Qxh6 Bxg2 27. Kxg2 Nd5 28. Qd2 Qc6 29. Kg1 Qc5+ 30. Qf2 Qxf2+ 31. Kxf2 Kf7 32. Rxe8 Rxe8 33. Rd1 Nf6 34. Ng5+ Kg7 35. Rd6 Ng4+ 36. Kg3 Re2 37. h4 Rxb2 38. Ra6 Rc2 39. Rxa7+ Kf6 40. Ra6+ Kg7 41. Ra7+ Kf6 42. Ra6+ Ke5 43. Re6+ Kd5 44. Rxg6 Rxc3+ 45. Kf4 Rc4+ 46. Kg3 Rc3+ 47. Kf4 Rc4+ 48. Kg3 Rc3+ 1/2-1/2

[Event "WTCC-65 2018"]
[Site "Radebeul"]
[Date "2018.07.12"]
[Round "6"]
[White "Oechslein, Rainer"]
[Black "Singer, Hans"]
[Result "1/2-1/2"]
[ECO "D01"]
[WhiteElo "2228"]
[BlackElo "2175"]
[Annotator "NA"]
[PlyCount "109"]
[EventDate "2018.07.07"]
[EventType "team-tourn"]
[EventCountry "GER"]
[SourceTitle "playchess.com"]
[Source "ChessBase"]
[SourceQuality "1"]
[TimeControl "40/5400+30:1800+30"]

1. d4 Nf6 2. Nc3 d5 3. Bg5 Bf5 4. f3 c6 5. Qd2 Nbd7 6. e3 h6 7. Bh4 Qb6 8. O-O-O e6 9. Bd3 Bxd3 10. Qxd3 O-O-O 11. e4 dxe4 12. fxe4 Ne5 13. Qe2 Rxd4 14. Rxd4 Qxd4 15. Nf3 Nxf3 16. gxf3 Ba3 17. Qd3 Bc5 18. Rd1 Rd8 19. Qxd4 Bxd4 20. Rd3 g5 21. Be1 Be5 22. Rxd8+ Kxd8 23. h4 g4 24. fxg4 Nxg4 25. Kd2 h5 26. Nd1 Ke7 27. Ke2 Bf6 28. b3 Bd4 29. c3 Be5 30. Nb2 f5 31. Kf3 Kf6 32. Nd3 Bd6 33. Nc1 Ne5+ 34. Ke3 Bc5+ 35. Kf4 Ng6+ 36. Kf3 Be7 37. Ne2 e5 38. exf5 Kxf5 39. Ng3+ Ke6 40. Nxh5 Bxh4 41. Bd2 Kd5 42. Be3 e4+ 43. Kg4 a6 44. Kf5 Ne7+ 45. Kg4 b5 46. Kxh4 Nf5+ 47. Kg5 Nxe3 48. Kf4 Ng2+ 49. Kg3 Ne1 50. Kf4 Nd3+ 51. Ke3 Nc1 52. Nf6+ Ke5 53. Nxe4 Nxa2 54. Nc5 Nxc3 55. Nxa6 1/2-1/2

[Event "WTCC-65 2018"]
[Site "Radebeul"]
[Date "2018.07.12"]
[Round "6"]
[White "Harestad, Thor Geir"]
[Black "Renman, Nils-Gustaf"]
[Result "1/2-1/2"]
[ECO "A06"]
[WhiteElo "2205"]
[BlackElo "2343"]
[Annotator "NA"]
[PlyCount "45"]
[EventDate "2018.07.07"]
[EventType "team-tourn"]
[EventCountry "GER"]
[SourceTitle "playchess.com"]
[Source "ChessBase"]
[SourceQuality "1"]
[TimeControl "40/5400+30:1800+30"]

1. Nf3 d5 2. c4 e6 3. b3 d4 4. Bb2 c5 5. b4 Nf6 6. g3 Nc6 7. b5 Na5 8. d3 Bd6 9. Bg2 h6 10. O-O O-O 11. e4 dxe3 12. fxe3 Rb8 13. Nc3 b6 14. Qe2 Bb7 15. e4 Nd7 16. Nd1 Qc7 17. Ne3 Rbe8 18. Nh4 Be5 19. Ng4 Bxb2 20. Qxb2 h5 21. Nf2 g5 22. Nf3 g4 23. Qd2 1/2-1/2

[Event "WTCC-65 2018"]
[Site "Radebeul"]
[Date "2018.07.12"]
[Round "6"]
[White "Shushpanov, Vladimir"]
[Black "Glatthor, Thomas"]
[Result "1-0"]
[ECO "B00"]
[WhiteElo "2198"]
[BlackElo "2066"]
[Annotator "NA"]
[PlyCount "69"]
[EventDate "2018.07.07"]
[EventType "team-tourn"]
[EventCountry "GER"]
[SourceTitle "playchess.com"]
[Source "ChessBase"]
[SourceQuality "1"]
[TimeControl "40/5400+30:1800+30"]

1. e4 d6 2. d4 g6 3. Bc4 Bg7 4. Nf3 h6 5. h3 c6 6. Bb3 Nf6 7. Qe2 e5 8. dxe5 dxe5 9. O-O Qe7 10. a4 Be6 11. Bxe6 Qxe6 12. Nbd2 O-O 13. Re1 Nh5 14. Qc4 Qe7 15. b3 Re8 16. Bb2 Nd7 17. g3 Bf8 18. Kg2 Qb4 19. Bc3 Qb6 20. Nf1 a5 21. Ne3 Nhf6 22. Rad1 Bb4 23. Ng4 Bxc3 24. Qxc3 Nxg4 25. hxg4 Qc7 26. Qd2 Nf6 27. Qxh6 Nxg4 28. Qh4 f5 29. exf5 gxf5 30. Qg5+ Qg7 31. Qxf5 Re7 32. Re4 Nh6 33. Qh5 Rf8 34. Rxe5 Rxf3 35. Rg5 1-0

[Event "WTCC-65 2018"]
[Site "Radebeul"]
[Date "2018.07.12"]
[Round "6"]
[White "Vucenovic, Dragomir"]
[Black "Nehmert, Ulrich"]
[Result "1/2-1/2"]
[ECO "A43"]
[WhiteElo "2186"]
[BlackElo "2220"]
[Annotator "NA"]
[PlyCount "60"]
[EventDate "2018.07.07"]
[EventType "team-tourn"]
[EventCountry "GER"]
[SourceTitle "playchess.com"]
[Source "ChessBase"]
[SourceQuality "1"]
[TimeControl "40/5400+30:1800+30"]

1. d4 Nf6 2. Nf3 c5 3. d5 g6 4. g3 b5 5. Bg2 Bb7 6. c4 bxc4 7. Nc3 d6 8. O-O Bg7 9. Nd2 O-O 10. Nxc4 Ba6 11. Qa4 Qe8 12. b3 Qxa4 13. Nxa4 Nfd7 14. Bb2 Bxc4 15. Bxg7 Kxg7 16. bxc4 Na6 17. Rfb1 Rfb8 18. Rb5 Nc7 19. Rb3 a5 20. Bh3 f5 21. e4 Rb4 22. exf5 Ne5 23. Nb6 Rb8 24. f6+ exf6 25. Nd7 Re8 26. Nxe5 fxe5 27. Rc1 Na8 28. Bd7 Re7 29. Bc6 Nb6 30. Rbc3 Ra7 1/2-1/2

[Event "WTCC-65 2018"]
[Site "Radebeul"]
[Date "2018.07.12"]
[Round "6"]
[White "Wahlbom, Magnus"]
[Black "Ulrichsen, Jarl H"]
[Result "1-0"]
[ECO "C60"]
[WhiteElo "2172"]
[BlackElo "2196"]
[Annotator "NA"]
[PlyCount "65"]
[EventDate "2018.07.07"]
[EventType "team-tourn"]
[EventCountry "GER"]
[SourceTitle "playchess.com"]
[Source "ChessBase"]
[SourceQuality "1"]
[TimeControl "40/5400+30:1800+30"]

1. e4 e5 2. Nf3 Nc6 3. Bb5 Nge7 4. c3 Ng6 5. d4 exd4 6. cxd4 Be7 7. d5 Nb8 8. Nc3 a6 9. Ba4 b5 10. Bb3 d6 11. O-O Bg4 12. h3 Bxf3 13. Qxf3 O-O 14. Be3 Nd7 15. Qe2 Re8 16. Qd2 Bf6 17. f3 Nc5 18. Bc2 Ne5 19. b3 Ng6 20. Rad1 Qd7 21. Ne2 a5 22. Nd4 b4 23. Rde1 Bxd4 24. Bxd4 Qb5 25. Kh2 c6 26. dxc6 Qxc6 27. Bb2 Rad8 28. Kh1 Ne6 29. Rc1 d5 30. e5 Qa8 31. f4 Nc5 32. Bxg6 hxg6 33. Rxc5 1-0